[ PARTIDA AOE2 · #463152005 ]
UnrankedLituanos vs Bohemians
[ ANÁLISIS DE REPETICIÓN · EXTRAÍDO DE LA PARTIDA GRABADA ]
Feudal
13:26
Castillos
24:40
Imperial
36:20
| APM promedio | 12.8 |
| APM pico | 42 |
| eAPM promedio | 11.0 |
| Aldeanos / militares | 161 / 346 |
Foco
⚔️ 33.3% · 🌾 66.7%
Spearman ×200 · Scout Cavalry ×113 · Leitis ×19 · Knight ×11 · Trade Cart ×7 · Monk ×3
Feudal
10:40
Castillos
22:53
Imperial
31:05
| APM promedio | 13.9 |
| APM pico | 47 |
| eAPM promedio | 9.6 |
| Aldeanos / militares | 53 / 207 |
Foco
⚔️ 33.9% · 🌾 66.1%
Spearman ×89 · Hussite Wagon ×82 · Bombard Cannon ×35 · Trade Cart ×14 · Monk ×1
Feudal
12:51
Castillos
20:46
Imperial
34:01
| APM promedio | 13.5 |
| APM pico | 27 |
| eAPM promedio | 12.0 |
| Aldeanos / militares | 137 / 314 |
Foco
⚔️ 28.3% · 🌾 71.7%
Spearman ×157 · Knight ×134 · Trade Cart ×26 · Mangonel ×19 · Trebuchet (Packed) ×3 · Monk ×1
Feudal
15:25
Castillos
23:56
Imperial
36:52
| APM promedio | 22.8 |
| APM pico | 53 |
| eAPM promedio | 16.3 |
| Aldeanos / militares | 120 / 284 |
Foco
⚔️ 29.9% · 🌾 70.1%
Spearman ×160 · Hand Cannoneer ×61 · Skirmisher ×46 · Bombard Cannon ×12 · Trade Cart ×7 · Trebuchet (Packed) ×5
Mapa de la partida
Recursos iniciales + cada clic de construcción. Líneas = muros · curvas = relieve. ◆ oro · ⬟ piedra · ● bayas · ✦ reliquia · ◌ hueco del cierre
Tu base
Base de Villager
Base de foucault k
Base de Frosted Dark· Abierta — hueco de 7t
Terreno inicial suavizado · ◌ = hueco del cierre detectado · pasá el cursor para detalles
Inputs por minuto
— blueajunn - - Villager
Build order — blueajunn
Primeras 150 de 396 acciones detectadas
| 0:02 | Investigar | Loom |
| 0:03 | Crear | Villager (Male) ×5 |
| 0:03 | Crear | Villager (Male) ×5 |
| 0:08 | Construir | House |
| 2:46 | Crear | Villager (Male) |
| 2:46 | Crear | Villager (Male) |
| 3:06 | Construir | Palisade Wall |
| 3:18 | Construir | Palisade Wall |
| 3:25 | Construir | Palisade Gate |
| 3:42 | Crear | Villager (Male) |
| 3:42 | Crear | Villager (Male) |
| 3:57 | Construir | House |
| 4:35 | Crear | Villager (Male) |
| 4:35 | Crear | Villager (Male) |
| 5:13 | Construir | Mill |
| 5:31 | Construir | Lumber Camp |
| 5:41 | Crear | Villager (Male) ×3 |
| 6:56 | Construir | House |
| 7:03 | Construir | House |
| 7:16 | Crear | Villager (Male) |
| 7:16 | Crear | Villager (Male) |
| 7:17 | Crear | Villager (Male) |
| 7:17 | Crear | Villager (Male) |
| 7:47 | Construir | Mill |
| 8:10 | Crear | Villager (Male) |
| 8:55 | Crear | Villager (Male) |
| 8:56 | Crear | Villager (Male) |
| 9:25 | Construir | House |
| 9:28 | Construir | House |
| 9:29 | Construir | House |
| 9:51 | Construir | Farm |
| 9:56 | Construir | Farm |
| 11:16 | Investigar | Feudal Age |
| 12:20 | Crear | Villager (Male) ×4 |
| 12:20 | Crear | Villager (Male) ×4 |
| 12:33 | Construir | Farm |
| 12:34 | Construir | Farm |
| 12:35 | Construir | Farm |
| 12:36 | Construir | Farm |
| 12:38 | Construir | Farm |
| 12:39 | Construir | Farm |
| 13:26 | Edad | Edad Feudal |
| 13:33 | Construir | Mining Camp |
| 13:50 | Crear | Villager (Male) ×5 |
| 13:51 | Crear | Villager (Male) ×5 |
| 14:03 | Construir | Market |
| 14:26 | Construir | Watch Tower |
| 14:43 | Construir | Stone Wall |
| 14:59 | Construir | Building 487 |
| 15:32 | Crear | Villager (Male) ×5 |
| 15:33 | Crear | Villager (Male) ×4 |
| 15:33 | Crear | Villager (Male) ×4 |
| 16:02 | Construir | Building 490 |
| 16:10 | Construir | Stone Wall |
| 16:30 | Crear | Trade Cart |
| 17:34 | Construir | Mining Camp |
| 18:00 | Construir | Barracks |
| 19:23 | Construir | House |
| 19:24 | Construir | House |
| 19:26 | Construir | House |
| 19:27 | Construir | House |
| 19:29 | Construir | House |
| 19:49 | Construir | Lumber Camp |
| 20:01 | Construir | Mining Camp |
| 20:33 | Construir | Blacksmith |
| 21:09 | Crear | Spearman |
| 21:09 | Crear | Spearman |
| 21:54 | Investigar | Castle Age |
| 22:25 | Construir | Stable |
| 22:52 | Construir | Mill |
| 23:19 | Investigar | Double-Bit Axe |
| 23:24 | Investigar | Horse Collar |
| 23:29 | Investigar | Stone Mining |
| 23:49 | Investigar | Gold Mining |
| 23:56 | Investigar | Bloodlines |
| 23:57 | Crear | Scout Cavalry |
| 23:57 | Crear | Scout Cavalry |
| 23:58 | Crear | Scout Cavalry |
| 23:58 | Crear | Scout Cavalry |
| 24:40 | Edad | Edad de los Castillos |
| 24:43 | Construir | Monastery |
| 24:53 | Investigar | Light Cavalry (upgrade) |
| 25:17 | Construir | Town Center |
| 25:25 | Crear | Villager (Male) ×2 |
| 25:35 | Crear | Monk |
| 26:20 | Construir | Town Center |
| 26:50 | Construir | Farm |
| 26:52 | Construir | Farm |
| 26:54 | Construir | Farm |
| 26:55 | Construir | Farm |
| 27:39 | Crear | Scout Cavalry |
| 27:40 | Crear | Scout Cavalry |
| 27:40 | Crear | Scout Cavalry |
| 27:40 | Crear | Scout Cavalry |
| 27:41 | Crear | Scout Cavalry |
| 27:41 | Crear | Scout Cavalry |
| 27:53 | Investigar | Caravan |
| 27:54 | Crear | Trade Cart |
| 28:06 | Crear | Villager (Male) |
| 28:21 | Construir | University |
| 28:47 | Crear | Villager (Male) ×5 |
| 28:56 | Crear | Villager (Male) |
| 28:56 | Crear | Villager (Male) |
| 28:56 | Crear | Villager (Male) |
| 29:29 | Crear | Villager (Male) |
| 29:31 | Crear | Villager (Male) |
| 29:35 | Crear | Villager (Male) |
| 29:54 | Construir | Farm |
| 29:56 | Construir | Farm |
| 29:57 | Construir | Farm |
| 29:59 | Construir | Farm |
| 30:00 | Construir | Farm |
| 30:03 | Construir | Farm |
| 30:05 | Construir | Farm |
| 30:08 | Construir | Farm |
| 30:10 | Construir | Farm |
| 30:14 | Construir | Farm |
| 30:16 | Construir | Farm |
| 30:18 | Construir | Farm |
| 30:20 | Construir | Farm |
| 30:21 | Construir | Farm |
| 30:22 | Construir | Farm |
| 30:22 | Construir | Farm |
| 30:22 | Construir | Farm |
| 30:22 | Construir | Farm |
| 30:23 | Construir | Farm |
| 30:23 | Construir | Farm |
| 30:23 | Construir | Farm |
| 30:24 | Construir | Farm |
| 30:24 | Construir | Farm |
| 30:25 | Construir | Farm |
| 30:26 | Construir | Farm |
| 30:26 | Construir | Farm |
| 30:27 | Construir | Farm |
| 30:27 | Construir | Farm |
| 30:27 | Construir | Farm |
| 30:28 | Construir | Farm |
| 30:28 | Construir | Farm |
| 30:29 | Construir | Farm |
| 30:29 | Construir | Farm |
| 30:30 | Construir | Farm |
| 30:31 | Construir | Farm |
| 30:37 | Crear | Villager (Male) ×5 |
| 30:37 | Crear | Villager (Male) ×2 |
| 30:42 | Crear | Villager (Male) ×4 |
| 30:42 | Crear | Villager (Male) ×4 |
| 30:58 | Crear | Villager (Male) |
| 30:58 | Crear | Villager (Male) |
| 31:18 | Crear | Knight |
| 31:33 | Construir | House |
Build order — Villager
Primeras 150 de 222 acciones detectadas
| 0:02 | Crear | Villager (Male) ×4 |
| 0:06 | Construir | House |
| 0:35 | Construir | House |
| 0:54 | Construir | Palisade Wall |
| 1:52 | Crear | Villager (Male) |
| 2:29 | Crear | Villager (Male) |
| 2:30 | Crear | Villager (Male) |
| 3:14 | Crear | Villager (Male) |
| 3:58 | Crear | Villager (Male) |
| 3:58 | Crear | Villager (Male) |
| 4:23 | Construir | House |
| 4:28 | Crear | Villager (Male) |
| 5:01 | Crear | Villager (Male) |
| 5:01 | Crear | Villager (Male) |
| 5:01 | Crear | Villager (Male) |
| 5:13 | Construir | Mill |
| 6:06 | Crear | Villager (Male) |
| 6:07 | Crear | Villager (Male) |
| 6:17 | Construir | House |
| 7:02 | Crear | Villager (Male) |
| 7:26 | Construir | Lumber Camp |
| 7:32 | Crear | Villager (Male) |
| 7:59 | Crear | Villager (Male) |
| 8:30 | Investigar | Feudal Age |
| 8:46 | Construir | Mill |
| 9:14 | Construir | House |
| 10:40 | Edad | Edad Feudal |
| 10:40 | Investigar | Wheelbarrow |
| 10:44 | Investigar | Double-Bit Axe |
| 10:47 | Crear | Villager (Male) |
| 10:48 | Crear | Villager (Male) |
| 11:09 | Construir | Stone Wall |
| 11:18 | Construir | Building 665 |
| 11:23 | Crear | Villager (Male) |
| 11:23 | Crear | Villager (Male) |
| 11:41 | Investigar | Loom |
| 11:46 | Crear | Villager (Male) |
| 11:46 | Crear | Villager (Male) |
| 11:46 | Crear | Villager (Male) |
| 11:47 | Crear | Villager (Male) |
| 11:47 | Crear | Villager (Male) |
| 11:47 | Crear | Villager (Male) |
| 12:19 | Construir | Lumber Camp |
| 12:51 | Crear | Villager (Male) |
| 12:51 | Crear | Villager (Male) |
| 12:57 | Construir | Mining Camp |
| 13:48 | Investigar | Horse Collar |
| 13:55 | Crear | Villager (Male) |
| 13:56 | Crear | Villager (Male) |
| 14:15 | Construir | House |
| 14:15 | Construir | House |
| 14:19 | Construir | House |
| 14:32 | Construir | House |
| 14:35 | Construir | House |
| 14:37 | Construir | House |
| 15:08 | Construir | Market |
| 15:15 | Construir | Blacksmith |
| 15:36 | Construir | Mill |
| 16:02 | Construir | Mining Camp |
| 16:20 | Construir | Farm |
| 16:20 | Construir | Farm |
| 16:20 | Construir | Farm |
| 16:20 | Construir | Farm |
| 16:21 | Construir | Farm |
| 16:21 | Construir | Farm |
| 16:21 | Construir | Farm |
| 16:22 | Construir | Farm |
| 16:22 | Construir | Farm |
| 16:22 | Construir | Farm |
| 17:17 | Crear | Villager (Male) |
| 17:18 | Crear | Villager (Male) |
| 17:53 | Construir | Farm |
| 17:53 | Construir | Farm |
| 17:53 | Construir | Farm |
| 17:54 | Construir | Farm |
| 17:54 | Construir | Farm |
| 18:00 | Crear | Villager (Male) |
| 18:00 | Crear | Villager (Male) |
| 19:23 | Crear | Villager (Male) |
| 19:24 | Crear | Villager (Male) |
| 19:51 | Crear | Trade Cart ×5 |
| 20:07 | Investigar | Castle Age |
| 20:42 | Construir | Stone Wall |
| 21:33 | Crear | Trade Cart |
| 21:33 | Crear | Trade Cart |
| 21:34 | Crear | Trade Cart |
| 22:53 | Edad | Edad de los Castillos |
| 22:54 | Investigar | Hand Cart |
| 22:58 | Investigar | Bow Saw |
| 23:01 | Investigar | Heavy Plow |
| 23:05 | Investigar | Caravan |
| 23:08 | Crear | Trade Cart |
| 23:20 | Construir | Monastery |
| 23:35 | Construir | Castle |
| 23:44 | Crear | Villager (Male) |
| 23:44 | Crear | Villager (Male) |
| 23:44 | Crear | Villager (Male) |
| 23:44 | Crear | Villager (Male) |
| 23:45 | Crear | Villager (Male) |
| 24:07 | Crear | Trade Cart |
| 24:07 | Crear | Trade Cart |
| 24:28 | Investigar | Fervor |
| 24:30 | Crear | Monk |
| 25:02 | Construir | Castle |
| 25:24 | Construir | University |
| 25:47 | Construir | Mining Camp |
| 26:10 | Crear | Trade Cart |
| 26:11 | Crear | Trade Cart |
| 26:11 | Crear | Trade Cart |
| 26:33 | Investigar | Chemistry |
| 26:45 | Investigar | Ballistics |
| 26:51 | Investigar | Fletching |
| 27:05 | Crear | Villager (Male) |
| 27:05 | Crear | Villager (Male) |
| 27:14 | Crear | Villager (Male) |
| 27:14 | Crear | Villager (Male) |
| 27:47 | Investigar | Imperial Age |
| 27:59 | Construir | Siege Workshop |
| 28:02 | Construir | Siege Workshop |
| 28:03 | Construir | Siege Workshop |
| 28:22 | Investigar | Bodkin Arrow |
| 29:14 | Construir | Siege Workshop |
| 30:51 | Construir | Castle |
| 30:57 | Construir | Farm |
| 31:05 | Edad | Edad Imperial |
| 31:12 | Investigar | Two-Man Saw |
| 31:31 | Crear | Villager (Male) |
| 31:31 | Crear | Villager (Male) |
| 31:31 | Crear | Villager (Male) |
| 31:32 | Crear | Villager (Male) |
| 31:32 | Crear | Villager (Male) |
| 32:48 | Investigar | Elite Hussite Wagon (upgrade) |
| 33:06 | Investigar | Houfnice (upgrade) |
| 33:45 | Crear | Bombard Cannon |
| 33:46 | Crear | Bombard Cannon |
| 33:51 | Crear | Hussite Wagon |
| 33:58 | Crear | Hussite Wagon |
| 34:24 | Crear | Hussite Wagon ×4 |
| 34:35 | Crear | Hussite Wagon |
| 34:49 | Crear | Hussite Wagon |
| 34:49 | Crear | Hussite Wagon |
| 34:49 | Crear | Hussite Wagon |
| 35:05 | Crear | Hussite Wagon ×2 |
| 35:10 | Investigar | Conscription |
| 35:18 | Crear | Hussite Wagon |
| 35:18 | Crear | Hussite Wagon |
| 35:28 | Crear | Bombard Cannon |
| 35:34 | Crear | Hussite Wagon |
| 35:35 | Crear | Hussite Wagon |
| 35:50 | Crear | Bombard Cannon |
Build order — foucault k
Primeras 150 de 420 acciones detectadas
| 0:03 | Construir | House |
| 0:05 | Construir | House |
| 0:11 | Crear | Villager (Male) |
| 0:11 | Crear | Villager (Male) |
| 0:11 | Crear | Villager (Male) |
| 0:12 | Crear | Villager (Male) |
| 0:12 | Crear | Villager (Male) |
| 2:04 | Construir | Palisade Wall |
| 2:11 | Crear | Villager (Male) |
| 2:30 | Crear | Villager (Male) |
| 2:31 | Crear | Villager (Male) |
| 3:01 | Crear | Villager (Male) |
| 3:10 | Crear | Villager (Male) |
| 3:26 | Construir | House |
| 3:29 | Construir | House |
| 3:34 | Crear | Villager (Male) |
| 4:28 | Crear | Villager (Male) |
| 4:28 | Crear | Villager (Male) |
| 4:42 | Construir | Mill |
| 5:11 | Crear | Villager (Male) |
| 5:47 | Crear | Villager (Male) |
| 6:08 | Crear | Villager (Male) |
| 6:17 | Construir | House |
| 7:10 | Crear | Villager (Male) |
| 7:26 | Crear | Villager (Male) |
| 7:34 | Construir | House |
| 7:51 | Construir | Lumber Camp |
| 7:54 | Crear | Villager (Male) |
| 7:54 | Crear | Villager (Male) |
| 8:11 | Crear | Villager (Male) |
| 8:37 | Crear | Villager (Male) |
| 8:38 | Crear | Villager (Male) |
| 9:12 | Crear | Villager (Male) |
| 9:27 | Construir | Mining Camp |
| 9:29 | Crear | Villager (Male) |
| 9:45 | Crear | Villager (Male) |
| 10:35 | Crear | Villager (Male) |
| 10:40 | Investigar | Feudal Age |
| 11:15 | Construir | Lumber Camp |
| 11:20 | Crear | Villager (Male) |
| 11:56 | Crear | Villager (Male) |
| 12:38 | Construir | Mill |
| 12:49 | Crear | Villager (Male) |
| 12:51 | Edad | Edad Feudal |
| 13:17 | Construir | Market |
| 13:27 | Construir | Farm |
| 13:28 | Construir | Farm |
| 13:29 | Construir | Farm |
| 13:30 | Construir | Farm |
| 13:32 | Crear | Villager (Male) |
| 13:53 | Construir | Farm |
| 14:07 | Crear | Villager (Male) |
| 14:13 | Investigar | Double-Bit Axe |
| 14:45 | Construir | House |
| 14:46 | Construir | House |
| 14:47 | Construir | House |
| 14:48 | Construir | House |
| 14:49 | Construir | House |
| 14:50 | Construir | House |
| 14:51 | Construir | House |
| 14:52 | Construir | House |
| 15:06 | Construir | Blacksmith |
| 15:11 | Crear | Villager (Male) |
| 15:12 | Crear | Villager (Male) |
| 15:19 | Investigar | Horse Collar |
| 15:44 | Construir | Farm |
| 15:46 | Crear | Villager (Male) |
| 16:22 | Construir | Farm |
| 16:23 | Crear | Villager (Male) |
| 16:24 | Crear | Villager (Male) |
| 16:25 | Crear | Villager (Male) |
| 16:25 | Crear | Villager (Male) |
| 16:50 | Construir | Mining Camp |
| 17:05 | Construir | Barracks |
| 17:07 | Construir | Barracks |
| 17:11 | Crear | Villager (Male) |
| 18:00 | Investigar | Castle Age |
| 19:05 | Construir | Stable |
| 19:06 | Construir | Stable |
| 19:13 | Investigar | Gold Mining |
| 19:14 | Investigar | Stone Mining |
| 19:23 | Construir | House |
| 19:24 | Construir | House |
| 19:25 | Construir | House |
| 19:26 | Construir | House |
| 19:43 | Investigar | Stone Mining |
| 20:24 | Crear | Villager (Male) |
| 20:38 | Investigar | Wheelbarrow |
| 20:46 | Edad | Edad de los Castillos |
| 20:54 | Construir | Town Center |
| 21:33 | Construir | Town Center |
| 21:41 | Investigar | Bow Saw |
| 21:48 | Construir | Farm |
| 21:58 | Construir | Farm |
| 22:10 | Construir | Farm |
| 22:14 | Crear | Villager (Male) |
| 22:14 | Crear | Villager (Male) |
| 22:21 | Construir | Farm |
| 22:26 | Construir | Farm |
| 22:33 | Crear | Villager (Male) |
| 22:46 | Construir | Farm |
| 22:49 | Crear | Villager (Male) |
| 23:09 | Construir | Farm |
| 23:11 | Crear | Villager (Male) |
| 23:20 | Construir | Farm |
| 23:25 | Crear | Villager (Male) |
| 23:31 | Construir | Farm |
| 23:36 | Construir | Mill |
| 23:39 | Construir | Farm |
| 24:01 | Construir | Farm |
| 24:02 | Crear | Villager (Male) |
| 24:02 | Crear | Villager (Male) |
| 24:04 | Crear | Villager (Male) |
| 24:04 | Crear | Villager (Male) |
| 24:10 | Construir | Farm |
| 24:11 | Crear | Villager (Male) |
| 24:25 | Crear | Villager (Male) |
| 24:25 | Crear | Villager (Male) |
| 24:34 | Construir | Farm |
| 24:35 | Crear | Villager (Male) |
| 24:41 | Construir | Farm |
| 24:46 | Crear | Villager (Male) |
| 24:47 | Crear | Villager (Male) |
| 25:05 | Investigar | Heavy Plow |
| 25:11 | Construir | Farm |
| 25:16 | Crear | Villager (Male) |
| 25:26 | Construir | Farm |
| 25:36 | Construir | Monastery |
| 25:40 | Crear | Villager (Male) |
| 25:44 | Crear | Villager (Male) |
| 25:44 | Crear | Villager (Male) |
| 25:44 | Crear | Villager (Male) |
| 25:59 | Construir | Farm |
| 26:01 | Crear | Villager (Male) |
| 26:06 | Crear | Villager (Male) |
| 26:06 | Crear | Villager (Male) |
| 26:16 | Construir | Mill |
| 26:18 | Construir | Farm |
| 26:19 | Construir | Farm |
| 26:26 | Crear | Monk |
| 26:37 | Construir | Farm |
| 26:39 | Construir | Farm |
| 26:40 | Crear | Villager (Male) |
| 26:45 | Construir | Farm |
| 26:46 | Crear | Villager (Male) |
| 26:47 | Crear | Villager (Male) |
| 26:56 | Investigar | Hand Cart |
| 26:59 | Crear | Villager (Male) |
| 26:59 | Crear | Villager (Male) |
| 27:00 | Crear | Villager (Male) |
Build order — Frosted Dark
Primeras 150 de 413 acciones detectadas
| 0:02 | Construir | House |
| 0:04 | Construir | House |
| 0:04 | Crear | Villager (Male) |
| 0:05 | Investigar | Loom |
| 0:06 | Crear | Villager (Male) |
| 0:06 | Crear | Villager (Male) |
| 0:06 | Crear | Villager (Male) |
| 1:17 | Construir | Palisade Wall |
| 2:39 | Crear | Villager (Male) |
| 2:39 | Crear | Villager (Male) |
| 2:48 | Construir | Palisade Wall |
| 3:08 | Crear | Villager (Male) |
| 3:16 | Construir | Palisade Wall |
| 3:37 | Crear | Villager (Male) |
| 4:31 | Construir | Palisade Wall |
| 4:38 | Crear | Villager (Male) |
| 4:39 | Crear | Villager (Male) |
| 5:09 | Crear | Villager (Male) |
| 5:20 | Construir | Lumber Camp |
| 5:40 | Crear | Villager (Male) |
| 5:47 | Crear | Villager (Male) |
| 6:51 | Construir | Mill |
| 7:23 | Crear | Villager (Male) |
| 7:23 | Crear | Villager (Male) |
| 7:54 | Construir | House |
| 7:59 | Crear | Villager (Male) |
| 8:55 | Crear | Villager (Male) |
| 8:55 | Crear | Villager (Male) |
| 8:55 | Crear | Villager (Male) |
| 9:16 | Crear | Villager (Male) |
| 9:30 | Construir | House |
| 10:18 | Crear | Villager (Male) |
| 10:43 | Construir | Mining Camp |
| 11:16 | Crear | Villager (Male) |
| 11:59 | Construir | Farm |
| 12:00 | Construir | Farm |
| 12:01 | Construir | Farm |
| 12:02 | Construir | Farm |
| 12:03 | Construir | Farm |
| 12:04 | Construir | Farm |
| 12:12 | Construir | Farm |
| 12:13 | Construir | Farm |
| 13:15 | Investigar | Feudal Age |
| 15:07 | Crear | Villager (Male) |
| 15:13 | Crear | Villager (Male) |
| 15:13 | Crear | Villager (Male) |
| 15:25 | Edad | Edad Feudal |
| 15:39 | Construir | Stone Wall |
| 15:48 | Construir | Stone Wall |
| 15:56 | Crear | Villager (Male) |
| 16:03 | Investigar | Double-Bit Axe |
| 16:05 | Investigar | Horse Collar |
| 16:23 | Construir | Stone Wall |
| 16:49 | Construir | Building 487 |
| 16:56 | Construir | Stone Wall |
| 17:04 | Construir | House |
| 17:05 | Construir | House |
| 17:05 | Construir | House |
| 17:05 | Construir | House |
| 17:23 | Construir | Stone Wall |
| 17:42 | Construir | Stone Wall |
| 17:56 | Construir | Farm |
| 17:57 | Construir | Farm |
| 18:03 | Construir | Farm |
| 18:15 | Construir | Stone Wall |
| 18:17 | Construir | Farm |
| 18:21 | Crear | Villager (Male) |
| 18:21 | Crear | Villager (Male) |
| 18:23 | Crear | Villager (Male) |
| 18:26 | Construir | Farm |
| 18:32 | Construir | Farm |
| 18:36 | Construir | Farm |
| 18:37 | Construir | Farm |
| 18:43 | Construir | Lumber Camp |
| 18:54 | Crear | Villager (Male) |
| 18:54 | Crear | Villager (Male) |
| 18:54 | Crear | Villager (Male) |
| 19:08 | Construir | Market |
| 19:19 | Crear | Villager (Male) |
| 19:23 | Crear | Villager (Male) |
| 19:41 | Crear | Villager (Male) |
| 20:19 | Crear | Villager (Male) |
| 20:35 | Construir | Blacksmith |
| 21:08 | Investigar | Castle Age |
| 21:12 | Construir | Mining Camp |
| 21:36 | Investigar | Stone Mining |
| 22:24 | Crear | Villager (Male) |
| 22:25 | Crear | Villager (Male) |
| 23:34 | Investigar | Gold Mining |
| 23:56 | Edad | Edad de los Castillos |
| 24:07 | Construir | Town Center |
| 24:11 | Crear | Villager (Male) |
| 24:11 | Crear | Villager (Male) |
| 24:18 | Investigar | Gold Mining |
| 24:22 | Investigar | Stone Shaft Mining |
| 24:35 | Crear | Villager (Male) |
| 24:53 | Construir | House |
| 25:15 | Construir | Town Center |
| 25:21 | Crear | Villager (Male) |
| 25:26 | Crear | Villager (Male) |
| 25:26 | Crear | Villager (Male) |
| 25:50 | Crear | Villager (Male) |
| 25:51 | Crear | Villager (Male) |
| 25:54 | Investigar | Bow Saw |
| 26:14 | Crear | Villager (Male) |
| 26:14 | Crear | Villager (Male) |
| 26:17 | Crear | Villager (Male) |
| 26:18 | Crear | Villager (Male) |
| 26:34 | Crear | Villager (Male) |
| 26:38 | Crear | Villager (Male) |
| 26:40 | Crear | Villager (Male) |
| 26:40 | Crear | Villager (Male) |
| 26:41 | Crear | Villager (Male) |
| 26:41 | Crear | Villager (Male) |
| 26:44 | Construir | House |
| 26:45 | Construir | House |
| 26:45 | Construir | House |
| 26:47 | Construir | House |
| 26:53 | Crear | Villager (Male) |
| 26:54 | Crear | Villager (Male) |
| 26:56 | Crear | Villager (Male) |
| 27:06 | Crear | Trade Cart |
| 27:12 | Crear | Villager (Male) |
| 27:17 | Crear | Villager (Male) |
| 27:22 | Crear | Villager (Male) |
| 27:51 | Investigar | Heavy Plow |
| 27:58 | Crear | Trade Cart |
| 27:59 | Crear | Trade Cart |
| 28:19 | Construir | Farm |
| 28:20 | Crear | Villager (Male) |
| 28:20 | Crear | Villager (Male) |
| 28:27 | Construir | Farm |
| 28:29 | Construir | Farm |
| 28:33 | Construir | Farm |
| 28:36 | Crear | Villager (Male) |
| 28:41 | Construir | Farm |
| 28:42 | Construir | Farm |
| 28:43 | Construir | Farm |
| 28:43 | Construir | Farm |
| 28:45 | Construir | Farm |
| 28:47 | Construir | Farm |
| 28:48 | Construir | Farm |
| 28:49 | Construir | Farm |
| 28:58 | Construir | House |
| 28:59 | Construir | House |
| 28:59 | Construir | House |
| 28:59 | Construir | House |
| 29:00 | Construir | House |
| 29:00 | Construir | House |
| 29:00 | Construir | House |
Cronología de la partida
| 0:54 | Villager · wall_segment Palisade Wall x12 |
| 1:17 | Frosted Dark · wall_segment Palisade Wall x18 |
| 2:04 | foucault k · wall_segment Palisade Wall x8 |
| 2:48 | Frosted Dark · wall_segment Palisade Wall x1 |
| 3:06 | blueajunn · wall_segment Palisade Wall x12 |
| 3:16 | Frosted Dark · wall_segment Palisade Wall x12 |
| 3:18 | blueajunn · wall_segment Palisade Wall x6 |
| 4:31 | Frosted Dark · wall_segment Palisade Wall x4 |
| 10:40 | Villager · age_up feudal |
| 11:09 | Villager · wall_segment Stone Wall x10 |
| 12:51 | foucault k · age_up feudal |
| 13:26 | blueajunn · age_up feudal |
| 14:43 | blueajunn · wall_segment Stone Wall x11 |
| 15:25 | Frosted Dark · age_up feudal |
| 15:39 | Frosted Dark · wall_segment Stone Wall x5 |
| 15:48 | Frosted Dark · wall_segment Stone Wall x7 |
| 16:10 | blueajunn · wall_segment Stone Wall x4 |
| 16:23 | Frosted Dark · wall_segment Stone Wall x6 |
| 16:56 | Frosted Dark · wall_segment Stone Wall x6 |
| 17:05 | foucault k · first_building Barracks |
| 17:23 | Frosted Dark · wall_segment Stone Wall x7 |
| 17:42 | Frosted Dark · wall_segment Stone Wall x3 |
| 18:00 | blueajunn · first_building Barracks |
| 18:15 | Frosted Dark · wall_segment Stone Wall x1 |
| 18:35 | blueajunn · first_market_sell 100 food |
| 19:05 | foucault k · first_building Stable |
| 20:42 | Villager · wall_segment Stone Wall x9 |
| 20:46 | foucault k · age_up castle |
| 22:13 | blueajunn · first_market_buy 100 wood |
| 22:25 | blueajunn · first_building Stable |
| 22:53 | Villager · age_up castle |
| 23:20 | Villager · first_building Monastery |
| 23:35 | Villager · first_building Castle |
| 23:56 | Frosted Dark · age_up castle |
| 24:40 | blueajunn · age_up castle |
| 24:43 | blueajunn · first_building Monastery |
| 25:03 | Frosted Dark · first_market_sell 100 food |
| 25:05 | Frosted Dark · first_market_buy 100 wood |
| 25:36 | foucault k · first_building Monastery |
| 27:38 | foucault k · first_building Castle |
| 27:59 | Villager · first_building Siege Workshop |
| 31:05 | Villager · age_up imperial |
| 32:13 | Frosted Dark · first_building Castle |
| 33:03 | Frosted Dark · first_building Monastery |
| 33:27 | foucault k · first_building Siege Workshop |
| 34:01 | foucault k · age_up imperial |
| 34:12 | Frosted Dark · first_building Barracks |
| 35:02 | foucault k · wall_segment Stone Wall x2 |
| 35:09 | foucault k · wall_segment Stone Wall x7 |
| 35:29 | Frosted Dark · first_building Siege Workshop |
| 36:19 | blueajunn · first_building Castle |
| 36:20 | blueajunn · age_up imperial |
| 36:52 | Frosted Dark · age_up imperial |
| 39:10 | foucault k · first_market_buy 100 stone |
| 41:33 | Frosted Dark · first_building Archery Range |
| 44:49 | foucault k · wall_segment Stone Wall x1 |
| 49:05 | Villager · first_building Barracks |
| 58:22 | foucault k · resign |
[ ANÁLISIS IA · 1 CRÉDITO ]
¿Qué pasó realmente en esta partida?
Wolo.gg analiza cada decisión: build order, eco, micro, errores típicos por bracket. Análisis personalizado por WhatsApp o Discord en 30 segundos.
Guía civ
Lituanos
Perfil
Jugador #5453823